AoeStats
← Manthasx22

Arena

509157522Analyzed
1v1 RM · 7d ago on Sep 25, 2026· 53m 51s· 2 players
Game mode
Random Map
Map size
Tiny (2 player)
Population
200
Speed
Normal
Resources
Standard
Victory
Conquest
Starting age
Dark Age
Ending age
Imperial Age
RankedLock teamsTeams togetherTeam positionsShared explorationLock speedFull tech treeHidden civsTurbo modeCheats
Victory
Defeat
🇹🇷 Teutons · Türkiye
1034
+38
🇨🇴 Bohemians · Colombia
1010
-15
Manthasx22
9:47 Feudal Age
11:49 Loom
14:53 Castle Age
13:48 Double-Bit Axe
14:29 Horse Collar
25:13 Wheelbarrow
25:50 Heavy Plow
30:41 Imperial Age
29:38 Chemistry
29:52 Hand Cart
37:52 Pikeman
38:32 Squires
38:46 Forging
38:42 Scale Barding Armor
38:40 Scale Mail Armor
38:30 Halberdier
40:54 Iron Casting
40:35 Chain Mail Armor
43:45 Blast Furnace
51:41 Plate Mail Armor
51:41 Fortified Wall
cegirke
3:23 Loom
10:27 Feudal Age
15:16 Castle Age
14:26 Forging
20:17 Double-Bit Axe
25:28 Gold Mining
26:33 Wheelbarrow
25:42 Horse Collar
26:38 Pikeman
30:42 Imperial Age
30:29 Scale Barding Armor
32:31 Chain Barding Armor
33:15 Cavalier
36:40 Plate Barding Armor
40:30 Heavy Plow
41:26 Scale Mail Armor
42:02 Iron Casting
42:49 Conscription
43:33 Paladin
Connection lost

Rejoining the realm…

Still unreachable

The connection could not be restored.

Session expired

The server has moved on; the page needs a fresh start.